 Dungeon Crawl Stone Soup version 0.16.1-2-g95b8d4c (webtiles) character file.

35756 Ladykiller69 the Grappler (level 13, -1/107 HPs)
             Began as a Troll Warper on Mar 25, 2015.
             Was the Champion of Cheibriados.
             Splashed by a brown ugly thing's acid (9 damage)
             ... on level 14 of the Dungeon.
             The game lasted 01:47:18 (13732 turns).

Ladykiller69 the Grappler (Troll Warper)           Turns: 13732, Time: 01:47:42

Health: -1/107     AC:  5    Str: 38    XL:     13   Next: 49%
Magic:  2/20       EV: 19    Int: 27    God:    Cheibriados [******]
Gold:   1571       SH: 14    Dex: 24    Spells: 6 memorised, 3 levels left

rFire  . . .     SeeInvis .       - Unarmed
rCold  . . .     Clarity  .     R - +2 robe {Archmagi}
rNeg   + . .     SustAb   .     A - +0 shield (curse)
rPois  .         Gourm    +     (helmet restricted)
rElec  .         Spirit   .     (no cloak)
rCorr  .         Warding  .     (gloves unavailable)
rMut   .         Stasis   .     (boots unavailable)
MR     .....                    I - amulet of faith
Stlth  ++........               U - +3 ring of protection
                                n - ring of positive energy

@: corroded equipment, very slow, not resistant to hostile enchantments,
unstealthy
A: unfitting armour, claws 3, fast metabolism 3, gourmand, regeneration 2,
shaggy fur 1, tough skin 2
a: Bend Time, Temporal Distortion, Slouch, Step From Time, Renounce Religion


You were on level 14 of the Dungeon.
You worshipped Cheibriados.
Cheibriados was exalted by your worship.
You were full.

You visited 4 branches of the dungeon, and saw 23 of its levels.
You also visited: Sewer.

You collected 1685 gold pieces.
You spent 114 gold pieces at shops.

Inventory:

Missiles
 c - 7 steel javelins
 e - 4 tomahawks of dispersal
 v - 5 javelins
 w - 4 large rocks (quivered)
 y - 24 tomahawks
 N - 3 silver javelins
 S - 3 tomahawks of returning
Armour
 A - a cursed +0 shield (worn)
 R - a +2 robe of the Archmagi (worn)
Magical staves
 P - an uncursed staff of fire
Jewellery
 j - an uncursed ring of teleportation
 n - a ring of positive energy (left claw)
 I - an amulet of faith (around neck)
 U - a +3 ring of protection (right claw)
Magical devices
 b - a wand of lightning (6)
 g - a wand of draining (7)
 x - a wand of lightning (8)
 V - a wand of polymorph (17)
Scrolls
 d - a scroll of blinking
 f - 2 scrolls of identify
 h - 4 scrolls of recharging
 o - 2 scrolls of teleportation
 q - a scroll of silence {unknown}
 u - 2 scrolls of vulnerability {unknown}
 D - 6 scrolls of remove curse
 G - a scroll of magic mapping
 H - a scroll of brand weapon {unknown}
 K - 3 scrolls of fog {unknown}
 M - 3 scrolls of amnesia {unknown}
 T - a scroll of torment {unknown}
 X - a scroll of enchant weapon
 Y - a scroll of fear
Potions
 k - 2 potions of invisibility
 l - a potion of brilliance
 m - a potion of resistance
 p - 2 potions of might
 s - 2 potions of magic
 t - a potion of cancellation
 z - a potion of agility
 B - 2 potions of restore abilities
 C - a potion of flight
 J - 5 potions of lignification
 O - 5 potions of heal wounds
 W - a potion of mutation {unknown}
Books
 E - a book of Transfigurations

   Spells                             Type                      Level
   a - Stoneskin                      Transmutation/Earth          2
   b - Irradiate                      Conjuration/Transmutation    5
   c - Statue Form                    Transmutation/Earth          6
   d - Hydra Form                     Transmutation                6
   e - Dragon Form                    Transmutation                7
 Q - a book of Unlife

   Spells                             Type                      Level
   a - Recall                         Summoning/Translocation      3
   b - Animate Dead                   Necromancy                   4
   c - Control Undead                 Necromancy                   4
   d - Cigotuvi's Embrace             Necromancy                   5
   e - Death Channel                  Necromancy                   6
   f - Simulacrum                     Ice/Necromancy               6
Comestibles
 a - 7 meat rations
 i - 4 bread rations
 r - 3 beef jerkies
 F - 48 fruits
 L - a slice of pizza


   Skills:
 - Level 2.0 Fighting
 - Level 5.0 Throwing
 - Level 0.7 Armour
 + Level 9.7 Dodging
 - Level 9.0 Shields
 + Level 13.8 Unarmed Combat
 - Level 1.2 Spellcasting
 - Level 2.2 Translocations
 * Level 3.6 Earth Magic
 + Level 7.3 Invocations


You had 3 spell levels left.
You knew the following spells:

 Your Spells              Type           Power        Failure   Level  Hunger
a - Apportation           Tloc           ###.......   4%          1    #......
b - Blink                 Tloc           N/A          8%          2    ###....
c - Summon Butterflies    Summ           #.......     12%         1    #......
d - Shroud of Golubria    Chrm/Tloc      ##........   12%         2    ###....
e - Portal Projectile     Tloc           ###...       14%         3    ###....
f - Stoneskin             Trmt/Erth      ###.....     10%         2    ###....


Dungeon Overview and Level Annotations

Branches:
Dungeon (15/15)            Temple (1/1) D:6            Lair (3/8) D:11
    Orc (4/4) D:10
  Swamp: Lair:3-6    Shoals: Lair:3-6     Snake: Lair:3-6    Spider: Lair:3-6
    Elf: Orc:3-4     Vaults: D:13-14     Depths: D:15

Altars:
Cheibriados
Elyvilon
Fedhas
Gozag
Kikubaaqudgha
Nemelex Xobeh
Okawaru
Qazlal
Ru
Trog
Xom
Zin
The Shining One

Shops:
D:4 [   D:8 **==[   Orc:1 (   Orc:2 [

Annotations:
D:7 GHOOST ARG!!!, magipi's ghost, experienced CeGl
D:8 exclusion: oklob plant
D:12 HYDRA!
Lair:2 exclusion: hydra
Orc:4 Fannar; Sonja


Innate Abilities, Weirdness & Mutations

You are too large for most types of armour.
You have claws for hands.
Your metabolism is lightning-fast.
You like to eat raw meat.
You heal very quickly.
You are covered in fur (AC +1).
You have very tough skin (AC +2).


Message History

Evoke which item? (* to show all) (? for menu, Esc to quit)
Okay, then.
You start resting.
You scratch the brown ugly thing!!
The brown ugly thing begins to bleed from its wounds!
The brown ugly thing is moderately wounded.
The brown ugly thing closely misses you.
Quiver which item? (- for none, * to show all) (? for menu, Esc to quit)
Okay, then.
Throwing (i - inventory. (,) - cycle):
w - 5 large rocks (quivered)
Press: ? - help, Shift-Dir - straight line, f/p - seven-headed hydra
Aim: a seven-headed hydra (hasn't noticed you)
You throw a large rock. The seven-headed hydra roars!
The large rock hits the seven-headed hydra.
The seven-headed hydra is lightly wounded.
The brown ugly thing punches you.
* * * LOW HITPOINT WARNING * * *
You are splashed with acid!
The acid corrodes your equipment!
The acid burns!
You die...

..#####..#.#.###....########.....
..##.........................#...
..##.##..#.#.###....########....#
..##.##..#.#.......## ##.#..
.........#.....D...# #.##.
#........######...## #.###
####.##### ###.## #.# #.# #.u.#
#.## #.# #(#@# #..# #.# #u####
##.# ##.## ##.#.# #.# #...##
###.# ##.## #....## ##.#.#W#
##...# #.....####..## #.# #..#.#
#........'..# #.# #.....
#.....####..# #.# #.#### #....##
##.# #.# #.#


You could see a seven-headed hydra and a brown ugly thing (bleeding).

Vanquished Creatures
  Maud (D:14)
  Josephine (Orc:2)
  The ghost of EmilioHeskey the Blocker, a powerful MiFi (Orc:3)
  A centaur warrior (D:14)
  A tengu warrior (D:14)
  Urug (D:12)
  Nergalle (D:12)
  A harpy (shapeshifter) (D:14)
  3 hill giants
  An orc sorcerer (Orc:4)
  3 ugly things
  A manticore (D:14)
  A cyclops (D:14)
  Joseph (D:12)
  3 spiny frogs
  A centaur skeleton (D:10)
  A gargoyle (D:11)
  A fire drake (Lair:3)
  3 black mambas
  A komodo dragon (Lair:2)
  3 kobold demonologists (D:11)
  3 two-headed ogres
  A tengu conjurer (D:14)
  2 slime creatures (D:12)
  4 trolls
  10 blink frogs
  A basilisk (Lair:2)
  2 ravens (D:14)
  A shadow (D:12)
  A vampire (D:10)
  19 yaks
  5 wraiths
  2 deep elf magi (D:12)
  5 hippogriffs
  Grum (D:9)
  4 wyverns
  A steam dragon (D:10)
  2 hungry ghosts
  A warg (Orc:1)
  5 wolves
  2 water moccasins
  5 porcupines
  A mottled dragon (D:14)
  A black bear (D:11)
  A necrophage (D:7)
  2 phantoms
  14 centaurs
  3 ice beasts
  14 orc warriors
  5 sky beasts
  A wasp (D:9)
  14 ogres
  Duvessa (D:8)
  A crocodile (Lair:2)
  Blork the orc (D:6)
  9 giant frogs
  A water moccasin zombie (D:6)
  6 big kobolds
  2 wyvern skeletons
  2 scorpions
  10 killer bees
  An electric eel (Lair:3)
  9 wights
  A quasit (D:11)
  Dowan (D:8)
  5 crimson imps
  5 centaur zombies
  11 orc priests
  4 giant frog skeletons
  4 jellies
  15 hounds
  24 orc wizards
  3 iguanas
  4 spectral orcs (D:12)
  14 worker ants
  4 sheep (Lair:2)
  A hound zombie (D:9)
  Terence (D:2)
  A mummy (D:10)
  3 worker ant zombies
  12 adders
  4 gnolls
  15 river rats
  5 shadow imps
  3 giant mites
  2 worms
  An adder skeleton (D:9)
  11 giant geckos
  2 oozes
  113 orcs
  A bat skeleton (D:8)
  7 giant cockroaches
  14 goblins
  21 hobgoblins
  15 jackals
  36 kobolds
  12 quokkas
  12 bats
  A giant gecko zombie (D:3)
  4 giant newts
  A jackal skeleton (D:4)
  2 jackal zombies (D:3)
  18 rats
  2 ballistomycetes (D:8)
622 creatures vanquished.

Vanquished Creatures (others)
  A giant spore (D:8)
  A bush (Lair:3)
2 creatures vanquished.

Grand Total: 624 creatures vanquished

Notes
Turn   | Place    | Note
--------------------------------------------------------------
     0 | D:1      | Ladykiller69, the Troll Warper, began the quest for the Orb.
     0 | D:1      | Reached XP level 1. HP: 19/19 MP: 2/2
    51 | D:1      | Reached skill level 1 in Throwing
   166 | D:1      | Reached XP level 2. HP: 27/27 MP: 2/2
   474 | D:2      | Noticed Terence
   485 | D:2      | Killed Terence
   485 | D:2      | Reached XP level 3. HP: 26/35 MP: 3/3
   924 | D:2      | Found a white marble altar of Elyvilon.
  1230 | D:2      | Found a bloodstained altar of Trog.
  1230 | D:2      | Found a sparkling altar of Nemelex Xobeh.
  1231 | D:2      | Found an iron altar of Okawaru.
  1306 | D:3      | Reached XP level 4. HP: 39/42 MP: 4/4
  1330 | D:3      | Reached skill level 3 in Unarmed Combat
  1519 | D:3      | You fall through a shaft!
  1637 | D:4      | Noticed an ogre
  1642 | D:4      | Killed an ogre
  1642 | D:4      | Reached XP level 5. HP: 49/49 MP: 4/4
  1646 | D:4      | Reached skill level 4 in Unarmed Combat
  1686 | D:3      | Found a glowing drain.
  1733 | Sewer    | Entered a sewer
  1799 | Sewer    | Reached XP level 6. HP: 55/57 MP: 5/5
  1817 | Sewer    | Found a white marble altar of Elyvilon.
  2229 | D:5      | Entered Level 5 of the Dungeon
  2427 | D:4      | Found Akophedi's Antique Armour Boutique.
  2430 | D:4      | Bought a shield for 94 gold pieces
  2448 | D:4      | Noticed an ogre
  2456 | D:4      | Killed an ogre
  2692 | D:4      | Reached skill level 1 in Shields
  2821 | D:5      | Found an iron altar of Okawaru.
  2996 | D:5      | Reached skill level 5 in Unarmed Combat
  2996 | D:5      | Reached XP level 7. HP: 7/65 MP: 5/5
  3275 | D:5      | Found an opulent altar of Gozag.
  3755 | D:6      | Found a staircase to the Ecumenical Temple.
  3766 | D:5      | Reached XP level 8. HP: 14/72 MP: 6/6
  3865 | D:6      | Reached skill level 6 in Unarmed Combat
  3894 | Temple   | Entered the Ecumenical Temple
  3905 | Temple   | Became a worshipper of Cheibriados the Contemplative
  4194 | D:6      | Noticed Blork the orc
  4204 | D:6      | Killed Blork the orc
  4373 | D:6      | Acquired Cheibriados' first power
  4467 | D:7      | Found a glowing golden altar of the Shining One.
  4486 | D:7      | Reached skill level 7 in Unarmed Combat
  4596 | D:7      | Noticed magipi's ghost (experienced CeGl)
  4605 | D:7      | HP: 3/72 [magipi's ghost (8)]
  4625 | D:8      | Found Assaronu's Assorted Antiques.
  4725 | D:8      | Found Xamus' Assorted Antiques.
  4748 | D:8      | Found Jonkoug's Jewellery Shoppe.
  4771 | D:8      | Reached XP level 9. HP: 72/79 MP: 7/7
  4949 | D:8      | Found Gofior's Antique Armour Boutique.
  4952 | D:8      | Found a blossoming altar of Fedhas.
  4953 | D:8      | Noticed an oklob plant
  5005 | D:8      | Noticed Dowan
  5006 | D:8      | Noticed Duvessa
  5026 | D:8      | Reached skill level 5 in Shields
  5204 | D:8      | Killed Duvessa
  5216 | D:8      | Found Uqeshron's Jewellery Shoppe.
  5426 | D:8      | Killed Dowan
  5454 | D:9      | Reached skill level 5 in Throwing
  5454 | D:9      | Reached skill level 8 in Unarmed Combat
  5549 | D:9      | Reached skill level 5 in Dodging
  5674 | D:9      | HP: 3/79 [troll (20)]
  5828 | D:9      | Acquired Cheibriados' second power
  5888 | D:9      | Noticed Grum
  5905 | D:9      | HP: 3/79 [wolf[Grum] (12)]
  6029 | D:9      | Killed Grum
  6072 | D:9      | Found a glowing silver altar of Zin.
  6196 | D:9      | Reached XP level 10. HP: 80/87 MP: 7/7
  6200 | D:9      | Reached skill level 9 in Unarmed Combat
  6322 | D:10     | Entered Level 10 of the Dungeon
  6386 | D:10     | Acquired Cheibriados' third power
  6881 | D:10     | Reached skill level 10 in Unarmed Combat
  7051 | D:10     | Acquired Cheibriados' fourth power
  7072 | D:10     | Found a staircase to the Orcish Mines.
  7587 | D:11     | Noticed a green ugly thing
  7594 | D:11     | Killed a green ugly thing
  7594 | D:11     | Reached XP level 11. HP: 76/93 MP: 7/7
  7773 | D:11     | Found a staircase to the Lair.
  7952 | Orc:1    | Entered Level 1 of the Orcish Mines
  8050 | Orc:2    | Found Tyjam's Antique Armour Shoppe.
  8057 | Orc:2    | Reached skill level 11 in Unarmed Combat
  8099 | Orc:2    | Bought a runed robe for 20 gold pieces
  8223 | Orc:3    | Found a shimmering altar of Xom.
  8424 | Orc:1    | Found Stauqayvun's Antique Weapon Boutique.
  8677 | Orc:2    | Noticed Josephine
  8688 | Orc:2    | Killed Josephine
  8952 | Orc:4    | Entered Level 4 of the Orcish Mines
  8952 | Orc:4    | Noticed Sonja
  8958 | Orc:4    | Noticed Fannar
  8986 | Orc:3    | Noticed EmilioHeskey's ghost (powerful MiFi)
  9006 | Orc:3    | Killed EmilioHeskey's ghost
  9006 | Orc:3    | Reached skill level 1 in Invocations
  9566 | D:11     | Reached skill level 12 in Unarmed Combat
  9821 | Lair:1   | Entered Level 1 of the Lair of Beasts
  9831 | Lair:1   | Learned a level 2 spell: Blink
  9833 | Lair:1   | Learned a level 1 spell: Summon Butterflies
  9836 | Lair:1   | Learned a level 2 spell: Shroud of Golubria
  9840 | Lair:1   | Learned a level 3 spell: Portal Projectile
  9886 | Lair:1   | Reached XP level 12. HP: 101/101 MP: 11/11
 10761 | Lair:2   | Noticed a five-headed hydra
 10770 | Lair:2   | Noticed a six-headed hydra
 11593 | Lair:3   | Reached skill level 5 in Invocations
 11712 | Lair:3   | Noticed an eight-headed hydra
 11927 | D:12     | Noticed Urug
 11947 | D:12     | Killed Urug
 11947 | D:12     | Reached skill level 13 in Unarmed Combat
 12057 | D:12     | You fall through a shaft for 2 floors!
 12112 | D:14     | Noticed Maud
 12124 | D:14     | Killed Maud
 12212 | D:15     | Entered Level 15 of the Dungeon
 12215 | D:15     | Noticed a centaur warrior
 12323 | D:14     | Learned a level 2 spell: Stoneskin
 12368 | D:14     | Found a glowing golden altar of the Shining One.
 12384 | D:14     | Reached XP level 13. HP: 107/107 MP: 18/18
 12416 | D:14     | Noticed a centaur warrior
 12432 | D:14     | Killed a centaur warrior
 12627 | D:12     | Noticed Joseph
 12640 | D:12     | Killed Joseph
 12771 | D:12     | Reached skill level 1 in Earth Magic
 12828 | D:12     | Noticed a seven-headed hydra
 12914 | D:12     | Noticed Nergalle
 12968 | D:12     | Killed Nergalle
 13687 | D:14     | Noticed a vault guard
 13689 | D:14     | Noticed a great orb of eyes
 13695 | D:14     | Noticed a seven-headed hydra
 13718 | D:14     | HP: 4/107 [seven-headed hydra (3)]
 13732 | D:14     | Splashed by a brown ugly thing's acid

Action                   |  1- 3 |  4- 6 |  7- 9 | 10-12 | 13-15 || total
-------------------------+-------+-------+-------+-------+-------++-------
Melee: Unarmed           |   117 |   201 |   417 |   996 |   241 ||  1972
Throw: Large rock        |       |       |     3 |       |     6 ||     9
       Tomahawk          |       |       |     3 |       |       ||     3
 Cast: Stoneskin         |       |       |       |       |     3 ||     3
Invok: Bend Time         |       |       |     2 |     5 |     3 ||    10
       Step From Time    |       |       |       |     2 |     3 ||     5
Evoke: Wand              |       |       |       |       |     1 ||     1
  Use: Scroll            |       |     3 |    10 |     9 |     2 ||    24
       Potion            |       |     2 |    11 |       |       ||    13
 Stab: Invisible         |       |       |     1 |       |       ||     1
       Sleeping          |       |       |       |     4 |       ||     4
       Distracted        |       |       |       |     2 |       ||     2
  Eat: Chunk             |    17 |    13 |    31 |    40 |     7 ||   108
